 Seeded DCSS version 0.30-a0-377-g5cb311bc9f (webtiles) character file.

Game seed: 2135816849768046274 (custom seed)

105 innerfire433 the Slasher (level 4, -5/35 HPs)
             Began as a Demonspawn Monk on Nov 27, 2022.
             Killed by divine providence
             ... invoked by an orc priest
              (11 damage)
             ... on level 3 of the Dungeon.
             The game lasted 00:03:50 (2468 turns).

innerfire433 the Slasher (Demonspawn Monk)          Turns: 2468, Time: 00:03:51

Health: -5/35      AC:  4    Str:  9    XL:     4   Next: 54%
Magic:  4/4        EV: 12    Int: 12    God:
Gold:   88         SH:  0    Dex: 15    Spells: 3/3 levels left

rFire   . . .      SeeInvis .    a - +0 falchion
rCold   + . .      Faith    .    d - +0 buckler
rNeg    + + .      Spirit   .    l - +0 robe {rN+}
rPois   +          Reflect  .    (no helmet)
rElec   .          Harm     .    (no cloak)
rCorr   .          Rampage  .    (no gloves)
Will    .....                    (no boots)
Stlth   ++........               (no amulet)
HPRegen 0.25/turn                n - ring "Fafron" {rPois rC+ rN+ Str-4 Stlth+}
MPRegen 0.09/turn                (no ring)

@: confused, ambrosia-drunk
A: hooves 1, yellow scales 1, wild magic 1, no potion heal 1
a: no special abilities


You were on level 3 of the Dungeon.
You visited 1 branch of the dungeon, and saw 3 of its levels.

You collected 88 gold pieces.

Inventory:

Hand Weapons
 a - a +0 falchion (weapon)
Missiles
 r - 5 javelins (quivered)
Armour
 b - a +0 robe
 d - a +0 buckler (worn)
 l - a +0 robe of positive energy (worn)
Jewellery
 n - the ring "Fafron" (left hand) {rPois rC+ rN+ Str-4 Stlth+}
   (You found it on level 2 of the Dungeon)

   [ring of positive energy]

   Str:       It affects your strength (-4).
   rC:        It protects you from cold.
   rPois:     It protects you from poison.
   rN:        It protects you from negative energy.
   Stlth:     It makes you more stealthy.
Scrolls
 e - a scroll of noise {unknown}
 h - a scroll of butterflies {unknown}
 j - 6 scrolls of identify {unknown}
 k - 2 scrolls of enchant armour {unknown}
 o - a scroll of immolation {unknown}
 p - a scroll of teleportation {unknown}
Potions
 f - 2 potions of degeneration {unknown}
 g - a potion of attraction {unknown}
 i - a potion of berserk rage {unknown}
 q - a potion of curing {unknown}


   Skills:
 + Level 3.4 Fighting
 * Level 3.6 Long Blades
 + Level 3.1 Dodging
 + Level 2.4 Stealth
 + Level 1.3 Shields


You had 3 spell levels left.
You didn't know any spells.
Your spell library contained the following spells:

 Spells                   Type           Power      Damage    Failure   Level
 Static Discharge         Conj/Air       0%         2-2/arc   63%         2
 Vhi's Electric Charge    Tloc/Air       0%         N/A       85%         3
 Arcjolt                  Conj/Air       0%         1d10      100%        5
 Lightning Bolt           Conj/Air       0%         1d11      100%        5


Dungeon Overview and Level Annotations

Branches:
Dungeon (3/15)

Altars:
Fedhas
Uskayaw


Innate Abilities, Weirdness & Mutations

You have large cloven feet.
You are partially covered in yellow scales. (AC +2)
Your spells are a little harder to cast, but a little more powerful.
Potions are less effective at restoring your health.


Message History

The orc barely misses you.
You closely miss the orc. The orc priest barely misses you.
The orc barely misses you. You block the orc priest's attack.
The orc hits you with a +0 flail.
* * * LOW HITPOINT WARNING * * *
You closely miss the orc. You kick the orc.
The orc is moderately wounded.
The orc priest closely misses you. The orc hits you with a +0 flail.
* * * LOW HITPOINT WARNING * * *
It was a potion of heal wounds.
Your system partially rejects the healing.
You feel much better. The orc priest barely misses you.
You block the orc's attack.
You hit the orc.
The orc is severely wounded.
You block the orc priest's attack. The orc closely misses you.
You slash the orc!
You kill the orc!
The orc priest hits you with a +4 whip. The orc priest hits you with a +4 whip!
* * * LOW HITPOINT WARNING * * *
Things that are here:
a +0 flail; 3 boomerangs; an orc corpse You are confused.
Your system partially rejects the healing.
You feel invigorated.
The orc priest hits you but does no damage.
The orc priest closely misses you.
You bump into the rock wall.
The orc priest hits you with a +4 whip!
* * * LOW HITPOINT WARNING * * *
You bump into the rock wall.
The orc priest hits you with a +4 whip.
* * * LOW HITPOINT WARNING * * *
You bump into the rock wall.
The orc priest misses you.
You hit the orc priest. Your kick misses the orc priest.
The orc priest is heavily wounded.
The orc priest hits you with a +4 whip.
* * * LOW HITPOINT WARNING * * *
The orc priest invokes the aid of Beogh against you.
Beogh smites you!
You die...

#.........####.....#
+.....†...'.......##
#.........####...##
##....>..## ##..#
##.....## ##.####
#....## #.....#
#.#'## #..##.#
♣♣♣.#.# #..# #
...♣#.# #o@#
§≈.♣#.## #.##
..≈♣...## #.#
≈.≈♣....### #.#
≈.≈♣......# #..
≈§§♣#.#.#.#####.#
.§§♣#.#.........#
≈≈.♣#.###.#######
...♣#.....#


You could see an orc priest.

Vanquished Creatures
  An orc wizard (D:3)
  3 adders (D:3)
  2 dart slugs (D:1)
  2 orcs (D:3)
  6 ball pythons
  An endoplasm (D:1)
  2 giant cockroaches (D:3)
  9 hobgoblins
  7 kobolds
  4 quokkas
  2 bats
  2 frilled lizards
  A goblin (D:3)
  4 rats
46 creatures vanquished.

Notes
Turn   | Place    | Note
-------+----------+-------------------------------------------
     0 | D:1      | innerfire433 the Demonspawn Monk began the quest for the
                  | Orb.
     0 | D:1      | Reached XP level 1. HP: 18/18 MP: 1/1
   384 | D:1      | Gained mutation: You are partially covered in yellow
                  | scales. (AC +2) [demonic ancestry]
   384 | D:1      | Reached XP level 2. HP: 24/24 MP: 2/2
  1076 | D:2      | Gained mutation: You have large cloven feet. [demonic
                  | ancestry]
  1076 | D:2      | Reached XP level 3. HP: 29/29 MP: 3/3
  1293 | D:2      | Identified the ring "Fafron" {rPois rC+ rN+ Str-4 Stlth+}
  1296 | D:2      | Gained mutation: You are agile. (Dex +4, Str/Int -1)
                  | [potion of mutation]
  1296 | D:2      | Gained mutation: You have sharp fingernails. [potion of
                  | mutation]
  1297 | D:2      | Lost mutation: You have sharp fingernails. [potion of
                  | mutation]
  1297 | D:2      | Lost mutation: You are agile. (Dex +4, Str/Int -1) [potion
                  | of mutation]
  1297 | D:2      | Gained mutation: Potions are less effective at restoring
                  | your health. [potion of mutation]
  1297 | D:2      | Gained mutation: Your spells are a little harder to cast,
                  | but a little more powerful. [potion of mutation]
  1998 | D:3      | Reached skill level 1 in Shields
  2134 | D:3      | Reached XP level 4. HP: 25/35 MP: 4/4
  2205 | D:3      | Found a hide-covered altar of Uskayaw.
  2419 | D:3      | Found a blossoming altar of Fedhas.
  2468 | D:3      | Killed from afar by an orc priest

Illustrated notes

Levels and vault maps discovered:
D:1:      dpeg_arrival_long_road, layout_loops_ring, minmay_misc_feat_chi
D:2:      layout_basic
D:3:      layout_loops_corners, mainiacjoe_overflow_paths, pf_just_have_faith,
          saegor_snake_ambush

Skill      XL: |  1  2  3 |
---------------+----------+-----
Long Blades    | 3 |  3.6
Stealth        | 2 |  2.4
Dodging        | 3 |  3.1
Shields        | 1 |  1.3
Fighting       | |  3.4

Action                   |  1- 3 |  4- 6 || total
-------------------------+-------+-------++-------
Melee: Falchion          |   116 |    34 ||   150
       Kick              |     9 |    10 ||    19
  Use: Potion            |     2 |     3 ||     5
 Stab: Sleeping          |    11 |     2 ||    13
Armor: Robe              |    35 |     4 ||    39
Dodge: Dodged            |    79 |    26 ||   105
Block: Buckler           |    25 |     8 ||    33

Table legend: (Time is in decaauts)
 A = Elapsed time spent in this place.
 B = Non-inter-level travel time spent in this place.
 C = Inter-level travel time spent in this place.
 D = Time resting spent in this place.
 E = Time spent auto-exploring this place.
 F = Levels seen in this place.
 G = Mean time per level.
                   A        B        C        D        E       F      G
               +--------+--------+--------+--------+--------+-----+--------+
         Total |   2502 |   2231 |    271 |      0 |   1744 |   3 |  834.0 |
       Dungeon |   2502 |   2231 |    271 |      0 |   1744 |   3 |  834.0 |
               +--------+--------+--------+--------+--------+-----+--------+

Top non-repeatable levels by time:
     D:2: 1142 daAuts
     D:1: 803 daAuts
     D:3: 556 daAuts
